 Dungeon Crawl Stone Soup version 0.25-a0-843-g6944ee31a2 (webtiles) character file.

Game seed: 5134928764064537535, levelgen mode: deterministic

203 tilp the Bolt Thrower (level 6, 0/55 HPs)
             Began as a Kobold Arcane Marksman on Apr 25, 2020.
             Succumbed to a worker ant's poison
             ... on level 4 of the Dungeon.
             The game lasted 00:06:20 (3486 turns).

tilp the Bolt Thrower (Kobold Arcane Marksman)      Turns: 3486, Time: 00:06:21

Health: 0/55       AC: 23    Str:  9    XL:     6   Next: 8%
Magic:  7/7        EV:  3    Int: 15    God:
Gold:   96         SH:  0    Dex: 15    Spells: 4/7 levels left

rFire    . . .     SeeInvis .   b - +0 flail
rCold    . . .     Gourm    .   (shield restricted)
rNeg     + + +     Faith    .   (armour currently unavailable)
rPois    +         Spirit   .   (helmet currently unavailable)
rElec    .         Reflect  .   (cloak currently unavailable)
rCorr    .         Harm     .   (gloves currently unavailable)
MR       .....     NoTele   +   (boots currently unavailable)
Stlth    +.........             (no amulet)
HPRegen  0.18/turn              (no ring)
MPRegen  0.10/turn              (no ring)

@: lethally poisoned (0 -> -5), tree-form, hasted, very quick
A: small, carnivore
a: no special abilities


You were on level 4 of the Dungeon.
You were completely stuffed.
You were a tree.
You visited 1 branch of the dungeon, and saw 4 of its levels.

You collected 96 gold pieces.

Inventory:

Hand Weapons
 a - a +0 hand crossbow
 b - a +0 flail (weapon)
 f - a +0 dagger of flaming
 u - a +0 rapier
Missiles
 d - 16 bolts
 l - 7 atropa-tipped darts (quivered)
 m - 16 poisoned darts
 p - 6 curare-tipped darts
Armour
 e - a +0 helmet (melded)
 j - a +0 pair of boots (melded)
 k - a +2 pair of boots
 r - a +0 leather armour (melded)
Wands
 s - a wand of iceblast (8)
Scrolls
 h - a scroll of enchant weapon {unknown}
 i - a scroll of fog {unknown}
 n - a scroll of remove curse {unknown}
 o - a scroll of enchant armour {unknown}
 q - a scroll of teleportation {unknown}
Potions
 g - a potion of lignification
Comestibles
 c - 4 rations
 v - 3 chunks of flesh


   Skills:
 + Level 3.4 Fighting
 - Level 6.0 Crossbows
 - Level 2.4 Dodging
 - Level 1.1 Spellcasting
 - Level 3.0 Hexes


You had 4 spell levels left.
You knew the following spells:

 Your Spells              Type           Power        Failure   Level  Hunger
a - Corona                Hex            #......      7%          1    ##.....
b - Slow                  Hex            #.......     11%         2    ###....

Your spell library contained the following spells:

 Spells                   Type           Power        Failure   Level  Hunger
 Inner Flame              Hex/Fire       #.......     36%         3    ####...
 Portal Projectile        Hex/Tloc       #.....       36%         3    ####...
 Cause Fear               Hex            #.........   56%         4    #####..
 Leda's Liquefaction      Hex/Erth       #.........   78%         4    #####..


Dungeon Overview and Level Annotations

Branches:
Dungeon (4/15)
 Temple: D:4-7

Altars:
Qazlal
Uskayaw
Wu Jian
Xom


Innate Abilities, Weirdness & Mutations

You are small and have problems with some larger weapons.
You are carnivorous and can eat meat at any time.


Message History

* * * LOW HITPOINT WARNING * * *
You feel sick.
The worker ant bites you but does no damage.
You hit the worker ant.
You kill the worker ant!
You have reached level 6!
Your experience leads to an increase in your attributes!
Increase (S)trength, (I)ntelligence, or (D)exterity?
You feel stronger.
* * * LOW HITPOINT WARNING * * *
You feel sick.
Okay, then.
There is a lethal amount of poison in your body!
Unknown command.
* * * LOW HITPOINT WARNING * * *
You feel sick.
* * * LOW HITPOINT WARNING * * *
You feel sick.
Unknown command.
You die...

#..........
###'#########
#............
#^...........
#..........>.
#............
#........>...
.#+##♣.♣..........
...(((†♣##........
...♣.♣.♣.#)...####
.... .#....# ♣.♣#
.#....# ...
.#....# ...
.#....# ###
#######


There were no monsters in sight!

Vanquished Creatures
  2 hounds (D:4)
  A worker ant (D:4)
  4 adders
  2 worms
  4 dart slugs
  3 leopard geckos
  6 orcs (D:3)
  A giant cockroach (D:1)
  4 hobgoblins
  3 quokkas
  3 ball pythons
  4 bats
  3 frilled lizards
  4 goblins
  10 kobolds
  12 rats
66 creatures vanquished.

Vanquished Creatures (others)
  A hobgoblin (D:3)
1 creature vanquished.

Grand Total: 67 creatures vanquished

Notes
Turn   | Place    | Note
-------+----------+-------------------------------------------
     0 | D:1      | tilp the Kobold Arcane Marksman began the quest for the
                  | Orb.
     0 | D:1      | Reached XP level 1. HP: 12/12 MP: 2/2
    87 | D:1      | Reached skill level 3 in Crossbows
    92 | D:1      | Reached XP level 2. HP: 15/16 MP: 1/3
   104 | D:1      | Learned a level 2 spell: Slow
   415 | D:1      | Reached skill level 4 in Crossbows
   415 | D:1      | Reached XP level 3. HP: 16/20 MP: 4/4
   889 | D:2      | Found an ornate altar of the Wu Jian Council.
  1023 | D:2      | Reached XP level 4. HP: 25/25 MP: 5/5
  1046 | D:2      | Reached skill level 5 in Crossbows
  1047 | D:2      | Found a shimmering altar of Xom.
  1047 | D:2      | Found a shimmering altar of Xom.
  1047 | D:2      | Found a shimmering altar of Xom.
  1106 | D:2      | Found a shimmering altar of Xom.
  1114 | D:2      | Found a shimmering altar of Xom.
  1115 | D:2      | Found a shimmering altar of Xom.
  1115 | D:2      | Found a shimmering altar of Xom.
  1636 | D:3      | Reached XP level 5. HP: 10/29 MP: 6/6
  2422 | D:3      | Found a hide-covered altar of Uskayaw.
  2580 | D:3      | Reached skill level 6 in Crossbows
  3408 | D:4      | Found a stormy altar of Qazlal.
  3479 | D:4      | HP: 2/48 [poisoned by a worker ant]
  3480 | D:4      | Reached XP level 6. HP: 3/37 MP: 7/7
  3484 | D:4      | HP: 1/55 [poisoned by a worker ant]
  3486 | D:4      | Succumbed to a worker ant's poison

Levels and vault maps discovered:
D:1:      dpeg_arrival_ratfight, layout_rooms, moated_statue
D:2:      layout_basic, nicolae_overflow_crystal_walls, xom_redecorated,
          serial_aquarium, aquarium_bridge_square [aquarium_subvault_wall,
          aquarium_subvault_window, aquarium_subvault_bridge,
          aquarium_subvault_bridge], aquarium_bridge_long_joined
          [aquarium_subvault_window, aquarium_subvault_bridge,
          aquarium_subvault_bridge, aquarium_subvault_balcony,
          aquarium_subvault_wall, aquarium_subvault_wall], aquarium_window_1,
          aquarium_window_corridor_3, aquarium_view_2c, aquarium_view_2b,
          aquarium_balcony_3b
D:3:      layout_basic, nicolae_overflow_hidden_temple, first_ration
D:4:      layout_gridville, grunt_qazlal_clouds, kennysheep_mini_moat,
          lemuel_doored_altar, serial_forest, infiniplex_forest_lined_room_,
          infiniplex_forest_lined_corner, infiniplex_forest_lined_3,
          infiniplex_forest_clump_tiny, infiniplex_forest_corner_1,
          infiniplex_forest_join, infiniplex_forest_straight_3,
          infiniplex_forest_lined_3

Skill      XL: |  1  2  3  4  5 |
---------------+----------------+-----
Crossbows      | 3 4 5 6 |  6.0
Fighting       | 3 |  3.4
Dodging        | |  2.4
Spellcasting   | |  1.1
Hexes          | |  3.0

Action                   |  1- 3 |  4- 6 || total
-------------------------+-------+-------++-------
Melee: Short sword       |    92 |    47 ||   139
       Flail             |       |    93 ||    93
 Fire: Hand crossbow     |    17 |    37 ||    54
Throw: Dart              |       |     2 ||     2
 Cast: Corona            |    15 |     3 ||    18
       Slow              |     1 |       ||     1
  Use: Scroll            |       |     2 ||     2
       Potion            |       |     2 ||     2
 Stab: Sleeping          |     1 |     2 ||     3
  Eat: Chunk             |     9 |     8 ||    17
Armor: Robe              |    24 |    21 ||    45
       Leather armour    |       |    20 ||    20
       Skin              |       |     8 ||     8
Dodge: Dodged            |    98 |   136 ||   234

Table legend:
 A = Non-vault XP
 B = Vault XP
 C = Vault XP percentage of total XP
 D = Non-vault monster count
 E = Vault monster count
 F = Vault count percentage of total count
                 A         B        C        D         E       F
            +---------+---------+-------+---------+---------+-------
      Total |     285 |       5 |   1.7 |      62 |       5 |   7.5
            +---------+---------+-------+---------+---------+-------
        D:1 |      30 |       5 |  14.3 |      18 |       5 |  21.7
        D:2 |      66 |       0 |   0.0 |      20 |       0 |   0.0
        D:3 |      65 |       0 |   0.0 |      20 |       0 |   0.0
        D:4 |     124 |       0 |   0.0 |       4 |       0 |   0.0
            +---------+---------+-------+---------+---------+-------
